 Dungeon Sprint DCSS version 0.25-a0-502-g6516661 (webtiles) character file.

Game seed: 17903202850022866355, levelgen mode: deterministic

72354 Faca the Victor of a Thousand Battles (level 15, 0/132 HPs)
             Began as a Gnoll Fighter on Feb 12, 2020.
             Was the Champion of Okawaru.
             Killed from afar by Jory (64 damage)
             ... with a crystal spear
             ... in the Dungeon (Sprint IX: "|||||||||||||||||||||||||||||").
             The game lasted 00:18:39 (4940 turns).

Faca the Victor of a Thousand Battles (GnFi)        Turns: 4940, Time: 00:18:40

Health: 0/132      AC: 40    Str: 40    XL:     15   Next: 39%
Magic:  34/34      EV: 20    Int: 10    God:    Okawaru [******]
Gold:   1767       SH: 26    Dex: 20    Spells: 45/45 levels left

rFire    + . .     SeeInvis .   E - +1 demon whip "Orb Guardian's Peril" {venom, +Fly rC- Str+6 Dex+2}
rCold    . . .     Gourm    .   K - +0 tower shield {AC+3}
rNeg     . . .     Faith    .   L - +6 gold dragon scales
rPois    +         Spirit   .   n - +1 helmet
rElec    .         Reflect  .   G - +1 cloak
rCorr    .         Harm     .   A - +0 pair of gloves
MR       +....     NoTele   +   J - +0 pair of boots of Salvation {Dex+3}
Stlth    ..........             s - amulet of regeneration
HPRegen  0.72/turn              v - +3 ring of strength
MPRegen  0.24/turn              D - +6 ring of strength

@: heroism, heavily drained
A: distributed training, fangs 1, strong nose
a: Heroism, Finesse, Renounce Religion, Evoke Flight


You were in the Dungeon.
You worshipped Okawaru.
Okawaru was exalted by your worship.
You were very hungry.

You visited 1 branch You collected 1909 gold pieces.
You spent 142 gold pieces at shops.

Inventory:

Hand Weapons
 q - a +2 scimitar of flaming
 E - the +1 demon whip "Orb Guardian's Peril" (weapon) {venom, +Fly rC- Str+6 Dex+2}
   (You found it in the Dungeon)

   It poisons the flesh of those it strikes.
   It affects your strength (+6).
   It affects your dexterity (+2).
   It makes you vulnerable to cold.
   It lets you fly.
Missiles
 c - 16 javelins (quivered)
 C - 8 curare-tipped darts
 H - 2 throwing nets
Armour
 b - a scarf of cloud immunity
 n - a +1 helmet (worn)
 A - a +0 pair of gloves (worn)
 G - a +1 cloak (worn)
 J - the +0 pair of boots of Salvation (worn) {Dex+3}
   (You found it in the Dungeon)

   It affects your dexterity (+3).
   If you remove this armour, your AC will decrease by 1 (40 -> 39).
 K - a +0 tower shield of protection (worn)
 L - +6 gold dragon scales (worn)
Jewellery
 s - an amulet of regeneration (around neck)
 v - a +3 ring of strength (left hand)
 B - a +6 ring of dexterity
 D - a +6 ring of strength (right hand)
Wands
 o - a wand of iceblast (8)
Scrolls
 k - 6 scrolls of blinking
 m - 4 scrolls of remove curse
 t - 5 scrolls of fear
 w - 8 scrolls of enchant weapon
Potions
 d - a potion of might
 e - 9 potions of curing
 g - a potion of invisibility
 h - 2 potions of haste
 i - 4 potions of magic
 j - 3 potions of berserk rage
 l - 8 potions of heal wounds
 p - a potion of brilliance
 r - a potion of mutation
 z - 2 potions of agility
Comestibles
 f - 10 rations


   Skills:
 + Level 16.6(19.1) Fighting
 + Level 15.6(18.2) Short Blades
 + Level 16.1(18.7) Long Blades
 + Level 15.6(18.2) Axes
 + Level 15.6(18.2) Maces & Flails
 + Level 15.6(18.2) Polearms
 + Level 15.6(18.2) Staves
 + Level 15.6(18.2) Slings
 + Level 15.6(18.2) Bows
 + Level 15.6(18.2) Crossbows
 + Level 15.6(18.2) Throwing
 + Level 16.6(19.1) Armour
 + Level 15.6(18.2) Dodging
 + Level 15.6(18.2) Stealth
 + Level 16.6(19.1) Shields
 + Level 15.6(18.2) Unarmed Combat
 + Level 15.6(13.4) Spellcasting
 + Level 13.5(11.3) Conjurations
 + Level 13.5(11.3) Hexes
 + Level 13.5(11.3) Charms
 + Level 13.5(11.3) Summonings
 + Level 13.5(11.3) Necromancy
 + Level 13.5(11.3) Translocations
 + Level 13.5(11.3) Transmutations
 + Level 13.5(11.3) Fire Magic
 + Level 13.5(11.3) Ice Magic
 + Level 13.5(11.3) Air Magic
 + Level 13.5(11.3) Earth Magic
 + Level 13.5(11.3) Poison Magic
 + Level 16.8(14.6) Invocations
 + Level 15.6(13.4) Evocations


You had 45 spell levels left.
You didn't know any spells.
Your spell library was empty.

Dungeon Overview and Level Annotations

Branches:
Dungeon (1/1)

Altars:
Cheibriados
Dithmenos
Elyvilon
Fedhas
Gozag
Hepliaklqana
Kikubaaqudgha
Makhleb
Nemelex Xobeh
Okawaru
Qazlal
Ru
Sif Muna
Trog
Uskayaw
Vehumet
Wu Jian
Xom
Yredelemnul
Zin
The Shining One
Beogh
Jiyva
Lugonu

Shops:
D %?![

Annotations:
D Jory


Innate Abilities, Weirdness & Mutations

Your experience applies equally to all skills.
You have very sharp teeth.
Your uncanny sense of smell can sniff out nearby items.


Message History

Jory attempts to bespell you! You resist.
You barely miss Jory. Your bite misses Jory.
Jory is heavily damaged.
You hit Jory but do no damage.
Jory is heavily damaged.
Jory hits you but does no damage.
You feel drained. You block Jory's attack.
You hit Jory but do no damage.
Jory is heavily damaged.
You miss Jory. You bite Jory, but do no damage.
Jory is heavily damaged.
You thrash Jory!! You bite Jory, but do no damage.
Jory is heavily damaged.
Jory is infused with unholy energy.
Jory draws life force from you and is healed!
Your shield and gold dragon scales prevent you from hitting Jory.
Jory is heavily damaged.
You feel much better. Jory gestures at you while chanting.
The crystal spear hits you!!!
You die...

,,,,,,,,,,,,,,,,,,,,,,,,,,,,,,,,,
*********************************
+∆∆∆,∆,∆∆∆∆∆∆∆∆∆∆∆+,,,,,,,,,,,,,,
*********************************
,,,,,,,,,,,,,,,,,,,,,,,,,,,,,,,,,
*********************************
,,,,,+,,,,,,∆,,,,,,+,,,,,,∆,,,,,,
▓▓▓▓▓▓▓▓▓▓▓▓▓▓▓▓▓▓▓▓▓▓▓▓▓▓*******
.(†......(......@V.....(..,,,,,,,
▓▓▓▓▓▓▓▓▓▓▓▓▓▓▓▓▓▓▓▓▓▓▓▓▓▓▓▓▓▓▓▓▓
..................[[.[[†...)))..)
▓▓▓▓▓▓▓▓▓▓▓▓▓▓▓▓▓▓▓▓▓▓▓▓▓▓▓▓▓▓▓▓▓
.................................
▓▓▓▓▓▓▓▓▓▓▓▓▓▓▓▓▓▓▓▓▓▓▓▓▓▓▓▓▓▓▓▓▓
.....)).))[))))((.+((.....()...÷[
▓▓▓▓▓▓▓▓▓▓▓▓▓▓▓▓▓▓▓▓▓▓▓▓▓▓▓▓▓▓▓▓▓
.................................


You could see Jory.

Vanquished Creatures
  Sojobo (D)
  Rupert (D)
  A thorn hunter (D)
  2 tengu reavers (D)
  2 fire giants (D)
  A frost giant (D)
  2 vault wardens (D)
  An ironheart preserver (D)
  3 very ugly things (D)
  3 stone giants (D)
  2 spark wasps (D)
  A crystal guardian (D)
  Josephine (D)
  A merfolk javelineer (D)
  A merfolk impaler (D)
  A fire dragon (D)
  2 rakshasas (D)
  2 great orbs of eyes (D)
  2 ogre magi (D)
  A yaktaur captain (D)
  An ice dragon (D)
  6 hydras (D)
  A naga warrior (D)
  3 centaur warriors (D)
  2 death knights (D)
  2 alligators (D)
  4 orc high priests (D)
  A naga sharpshooter (D)
  2 spriggan berserkers (D)
  Sonja (D)
  A shock serpent (D)
  2 shadow wraiths (D)
  A sea snake (D)
  A deep troll (D)
  A swamp dragon (D)
  A spriggan druid (D)
  A skeletal warrior (D)
  4 orc knights (D)
  A flayed ghost (D)
  A harpy (D)
  2 ugly things (D)
  2 necromancers (D)
  An orc sorcerer (D)
  A wolf spider (D)
  A salamander (D)
  An elephant (shapeshifter) (D)
  3 black mambas (D)
  2 vault sentinels (D)
  A water nymph (D)
  2 naga magi (D)
  A torpor snail (D)
  A guardian serpent (D)
  5 spiny frogs (D)
  2 yaktaurs (D)
  A kobold demonologist (D)
  A komodo dragon (D)
  A demonic crawler (D)
  A freezing wraith (D)
  2 jumping spiders (D)
  A troll (D)
  2 merfolk (D)
  5 tyrant leeches (D)
  2 wind drakes (D)
  2 slime creatures (D)
  3 hippogriffs (D)
  A bog body (D)
  3 tarantellas (D)
  3 wraiths (D)
  A vampire (D)
  A yak (shapeshifter) (D)
  2 redbacks (D)
  A yak (D)
  A steam dragon (D)
  2 vampire mosquitoes (D)
  A soldier ant (D)
  2 porcupines (D)
  4 water moccasins (D)
  An ice beast (D)
  10 orc warriors (D)
  2 ogres (D)
  4 bullfrogs (D)
  A howler monkey (D)
  2 crimson imps (D)
  A hound (D)
  3 orc priests (D)
  6 orc wizards (D)
  A shadow imp (D)
  15 orcs (D)
  2 hobgoblins (D)
  A jackal (D)
  A frilled lizard (D)
  A rat (D)
187 creatures vanquished.

Vanquished Creatures (others)
  A black bear (shapeshifter) (D)
  A briar patch (D)
2 creatures vanquished.

Grand Total: 189 creatures vanquished

Notes
Turn   | Place    | Note
-------+----------+-------------------------------------------
     0 | D        | Faca the Gnoll Fighter began the quest for the Orb.
     0 | D        | Reached XP level 1. HP: 23/23 MP: 1/1
    10 | D        | Reached skill level 1 in Invocations
    24 | D        | Noticed an ice beast
    24 | D        | Noticed a crimson imp
    24 | D        | Noticed a crimson imp
    31 | D        | Killed a crimson imp
    31 | D        | Reached skill level 5 in Long Blades
    31 | D        | Reached skill level 1 in Conjurations
    31 | D        | Reached skill level 1 in Hexes
    31 | D        | Reached skill level 1 in Charms
    31 | D        | Reached skill level 1 in Summonings
    31 | D        | Reached skill level 1 in Necromancy
    31 | D        | Reached skill level 1 in Translocations
    31 | D        | Reached skill level 1 in Transmutations
    31 | D        | Reached skill level 1 in Fire Magic
    31 | D        | Reached skill level 1 in Ice Magic
    31 | D        | Reached skill level 1 in Air Magic
    31 | D        | Reached skill level 1 in Earth Magic
    31 | D        | Reached skill level 1 in Poison Magic
    31 | D        | Reached XP level 2. HP: 29/29 MP: 3/5
    31 | D        | Reached XP level 3. HP: 35/35 MP: 3/6
    65 | D        | Killed an ice beast
    65 | D        | Reached XP level 4. HP: 12/43 MP: 6/8
    65 | D        | Reached XP level 5. HP: 13/48 MP: 6/9
   289 | D        | Found a roughly hewn altar of Beogh.
   289 | D        | Found a snail-covered altar of Cheibriados.
   289 | D        | Found a shadowy altar of Dithmenos.
   289 | D        | Found a white marble altar of Elyvilon.
   289 | D        | Found a blossoming altar of Fedhas.
   289 | D        | Found an opulent altar of Gozag.
   290 | D        | Found a hazy altar of Hepliaklqana.
   291 | D        | Found a viscous altar of Jiyva.
   292 | D        | Found an ancient bone altar of Kikubaaqudgha.
   293 | D        | Found a corrupted altar of Lugonu.
   294 | D        | Found a burning altar of Makhleb.
   295 | D        | Found a sparkling altar of Nemelex Xobeh.
   296 | D        | Found an iron altar of Okawaru.
   297 | D        | Found a stormy altar of Qazlal.
   298 | D        | Found a sacrificial altar of Ru.
   299 | D        | Found a shimmering blue altar of Sif Muna.
   300 | D        | Found a bloodstained altar of Trog.
   301 | D        | Found a hide-covered altar of Uskayaw.
   302 | D        | Found a radiant altar of Vehumet.
   303 | D        | Found an ornate altar of the Wu Jian Council.
   304 | D        | Became a worshipper of Warmaster Okawaru
   305 | D        | Found a shimmering altar of Xom.
   306 | D        | Found a basalt altar of Yredelemnul.
   307 | D        | Found a glowing silver altar of Zin.
   308 | D        | Found a glowing golden altar of the Shining One.
   366 | D        | Noticed an ogre
   366 | D        | Noticed an ogre
   371 | D        | Killed an ogre
   371 | D        | Reached XP level 6. HP: 22/56 MP: 10/12
   376 | D        | Reached skill level 5 in Invocations
   379 | D        | Reached * piety under Okawaru
   380 | D        | Reached skill level 5 in Short Blades
   380 | D        | Reached skill level 5 in Axes
   380 | D        | Reached skill level 5 in Maces & Flails
   380 | D        | Reached skill level 5 in Polearms
   380 | D        | Reached skill level 5 in Staves
   380 | D        | Reached skill level 5 in Slings
   380 | D        | Reached skill level 5 in Bows
   380 | D        | Reached skill level 5 in Crossbows
   380 | D        | Reached skill level 5 in Throwing
   380 | D        | Reached skill level 5 in Dodging
   380 | D        | Reached skill level 5 in Stealth
   380 | D        | Reached skill level 5 in Unarmed Combat
   380 | D        | Reached skill level 5 in Spellcasting
   380 | D        | Reached skill level 5 in Evocations
   380 | D        | Reached XP level 7. HP: 51/63 MP: 11/14
   444 | D        | Noticed a death knight
   444 | D        | Noticed a soldier ant
   444 | D        | Noticed a centaur warrior
   454 | D        | Killed a centaur warrior
   454 | D        | Reached ** piety under Okawaru
   454 | D        | Reached skill level 5 in Conjurations
   454 | D        | Reached skill level 5 in Hexes
   454 | D        | Reached skill level 5 in Charms
   454 | D        | Reached skill level 5 in Summonings
   454 | D        | Reached skill level 5 in Necromancy
   454 | D        | Reached skill level 5 in Translocations
   454 | D        | Reached skill level 5 in Transmutations
   454 | D        | Reached skill level 5 in Fire Magic
   454 | D        | Reached skill level 5 in Ice Magic
   454 | D        | Reached skill level 5 in Air Magic
   454 | D        | Reached skill level 5 in Earth Magic
   454 | D        | Reached skill level 5 in Poison Magic
   454 | D        | Reached XP level 8. HP: 63/71 MP: 12/17
   463 | D        | Reached *** piety under Okawaru
   471 | D        | Killed a death knight
   471 | D        | Reached **** piety under Okawaru
   471 | D        | Reached XP level 9. HP: 32/78 MP: 14/19
   790 | D        | Noticed a komodo dragon
   790 | D        | Noticed a spiny frog
   794 | D        | Killed a spiny frog
   794 | D        | Noticed a spiny frog
   796 | D        | Reached skill level 10 in Fighting
   796 | D        | Reached skill level 10 in Armour
   796 | D        | Reached skill level 10 in Shields
   823 | D        | Killed a komodo dragon
   826 | D        | Killed a spiny frog
   826 | D        | Received a gift from Okawaru
   831 | D        | Received a gift from Okawaru
   831 | D        | Reached XP level 10. HP: 39/86 MP: 19/22
  1035 | D        | Noticed an eight-headed hydra
  1035 | D        | Noticed a spiny frog
  1036 | D        | Noticed a black mamba
  1044 | D        | Killed a four-headed hydra
  1044 | D        | Reached ***** piety under Okawaru
  1044 | D        | Received a gift from Okawaru
  1045 | D        | Killed a spiny frog
  1050 | D        | Noticed a torpor snail
  1051 | D        | Reached skill level 10 in Long Blades
  1057 | D        | Killed a black mamba
  1057 | D        | Received a gift from Okawaru
  1071 | D        | Killed a torpor snail
  1071 | D        | Reached skill level 10 in Invocations
  1239 | D        | Reached XP level 11. HP: 44/93 MP: 24/24
  1287 | D        | Received a gift from Okawaru
  1559 | D        | Noticed Josephine
  1575 | D        | Killed Josephine
  1742 | D        | Received a gift from Okawaru
  1757 | D        | Reached skill level 10 in Short Blades
  1757 | D        | Reached skill level 10 in Axes
  1757 | D        | Reached skill level 10 in Maces & Flails
  1757 | D        | Reached skill level 10 in Polearms
  1757 | D        | Reached skill level 10 in Staves
  1757 | D        | Reached skill level 10 in Slings
  1757 | D        | Reached skill level 10 in Bows
  1757 | D        | Reached skill level 10 in Crossbows
  1757 | D        | Reached skill level 10 in Throwing
  1757 | D        | Reached skill level 10 in Dodging
  1757 | D        | Reached skill level 10 in Stealth
  1757 | D        | Reached skill level 10 in Unarmed Combat
  1757 | D        | Reached skill level 10 in Spellcasting
  1757 | D        | Reached skill level 10 in Evocations
  1802 | D        | Identified the +8 longbow "Celah" {freeze, +Inv rElec
                  | Int+3} (Okawaru gifted it to you in the Dungeon)
  1989 | D        | Noticed an orc high priest
  1989 | D        | Noticed an orc knight
  1994 | D        | Killed an orc knight
  2004 | D        | Killed an orc high priest
  2005 | D        | Noticed an orc high priest
  2017 | D        | Killed an orc high priest
  2017 | D        | Received a gift from Okawaru
  2080 | D        | Found Elueja's Armour Boutique.
  2086 | D        | Noticed an orc sorcerer
  2100 | D        | Killed an orc sorcerer
  2104 | D        | Found Siemn's Distillery.
  2111 | D        | Found Wefydd's Magic Scroll Boutique.
  2115 | D        | Found Rathasae's Food Shop.
  2117 | D        | Noticed an orc knight
  2118 | D        | Noticed an orc knight
  2119 | D        | Noticed an orc knight
  2120 | D        | Noticed an orc high priest
  2123 | D        | Noticed an orc high priest
  2125 | D        | Killed an orc knight
  2125 | D        | Killed an orc high priest
  2131 | D        | Killed an orc knight
  2131 | D        | Reached XP level 12. HP: 94/103 MP: 24/26
  2145 | D        | Killed an orc high priest
  2197 | D        | Bought a scroll of magic mapping for 45 gold pieces
  2204 | D        | Bought a scroll of enchant armour for 97 gold pieces
  2410 | D        | Noticed a four-headed hydra
  2421 | D        | Noticed a five-headed hydra
  2429 | D        | Killed a five-headed hydra
  2430 | D        | Noticed a frost giant
  2434 | D        | Killed a one-headed hydra
  2436 | D        | Noticed a rakshasa
  2442 | D        | HP: 5/103 [frost giant/bolt of cold (40)]
  2443 | D        | Noticed an ogre mage
  2444 | D        | Killed a frost giant
  2461 | D        | Killed an ogre mage
  2466 | D        | Killed a rakshasa
  2466 | D        | Reached skill level 10 in Conjurations
  2466 | D        | Reached skill level 10 in Hexes
  2466 | D        | Reached skill level 10 in Charms
  2466 | D        | Reached skill level 10 in Summonings
  2466 | D        | Reached skill level 10 in Necromancy
  2466 | D        | Reached skill level 10 in Translocations
  2466 | D        | Reached skill level 10 in Transmutations
  2466 | D        | Reached skill level 10 in Fire Magic
  2466 | D        | Reached skill level 10 in Ice Magic
  2466 | D        | Reached skill level 10 in Air Magic
  2466 | D        | Reached skill level 10 in Earth Magic
  2466 | D        | Reached skill level 10 in Poison Magic
  2527 | D        | Noticed a brown very ugly thing
  2663 | D        | Killed a brown very ugly thing
  2663 | D        | Reached ****** piety under Okawaru
  2663 | D        | Received a gift from Okawaru
  2877 | D        | Noticed a stone giant
  2893 | D        | Killed a stone giant
  3222 | D        | Noticed Sonja
  3223 | D        | Noticed Rupert
  3225 | D        | Killed Sonja
  3225 | D        | Paralysed by Rupert for 4 turns
  3240 | D        | Killed Rupert
  3240 | D        | Reached XP level 13. HP: 87/111 MP: 22/29
  3410 | D        | Noticed a merfolk impaler
  3410 | D        | Noticed a merfolk javelineer
  3420 | D        | Killed a merfolk javelineer
  3425 | D        | Killed a merfolk impaler
  3440 | D        | Received a gift from Okawaru
  3548 | D        | Received a gift from Okawaru
  3628 | D        | Noticed a thorn hunter
  3636 | D        | Killed a thorn hunter
  3645 | D        | Received a gift from Okawaru
  3741 | D        | Received a gift from Okawaru
  3762 | D        | Reached XP level 14. HP: 112/121 MP: 31/31
  3902 | D        | Noticed a fire giant
  3902 | D        | Noticed a green very ugly thing
  3903 | D        | Noticed a fire giant
  3909 | D        | Killed a fire giant
  3909 | D        | Reached skill level 15 in Fighting
  3909 | D        | Reached skill level 15 in Armour
  3909 | D        | Reached skill level 15 in Shields
  3909 | D        | Killed a fire giant
  3909 | D        | Reached skill level 15 in Invocations
  3909 | D        | Killed a green very ugly thing
  3916 | D        | Noticed a stone giant
  3930 | D        | Received a gift from Okawaru
  3934 | D        | Noticed a white very ugly thing
  3938 | D        | Killed a stone giant
  3940 | D        | Killed a white very ugly thing
  3949 | D        | Received a gift from Okawaru
  3956 | D        | Reached skill level 15 in Long Blades
  4224 | D        | Noticed a stone giant
  4231 | D        | Killed a stone giant
  4276 | D        | Noticed a vault warden
  4281 | D        | Killed a vault warden
  4287 | D        | Noticed an ironheart preserver
  4300 | D        | Killed an ironheart preserver
  4310 | D        | Noticed a vault warden
  4324 | D        | Reached skill level 15 in Short Blades
  4324 | D        | Reached skill level 15 in Axes
  4324 | D        | Reached skill level 15 in Maces & Flails
  4324 | D        | Reached skill level 15 in Polearms
  4324 | D        | Reached skill level 15 in Staves
  4324 | D        | Reached skill level 15 in Slings
  4324 | D        | Reached skill level 15 in Bows
  4324 | D        | Reached skill level 15 in Crossbows
  4324 | D        | Reached skill level 15 in Throwing
  4324 | D        | Reached skill level 15 in Dodging
  4324 | D        | Reached skill level 15 in Stealth
  4324 | D        | Reached skill level 15 in Unarmed Combat
  4324 | D        | Reached skill level 15 in Spellcasting
  4324 | D        | Reached skill level 15 in Evocations
  4324 | D        | Received a gift from Okawaru
  4324 | D        | Reached XP level 15. HP: 59/131 MP: 32/34
  4329 | D        | Killed a vault warden
  4678 | D        | Got the +1 double sword of the Hidden Vale {vorpal, Fragile
                  | rN+ Stlth+}
  4680 | D        | Got the +1 demon whip "Orb Guardian's Peril" {venom, +Fly
                  | rC- Str+6 Dex+2}
  4691 | D        | Got the +0 pair of boots of Salvation {Dex+3}
  4786 | D        | Noticed Sojobo
  4786 | D        | Noticed a tengu reaver
  4799 | D        | Noticed a tengu reaver
  4823 | D        | Killed a tengu reaver
  4834 | D        | Killed Sojobo
  4844 | D        | Killed a tengu reaver
  4886 | D        | Received a gift from Okawaru
  4899 | D        | Noticed Jory
  4940 | D        | Killed from afar by Jory

Levels and vault maps discovered:
D:        linesprint [early_d, line_temple, items_1, d_10, items_2, lair_1,
          lair_end, items_3, orc_1, orc_end, items_4, d_15, swamp_1, shoals_1,
          snake_1, spider_1, d_20, vaults_1, items_5, swamp_end, shoals_end,
          snake_end, spider_end, vaults_end, d_27, items_6, zot_1, zot_end,
          crypt_end, forest_end, elf_end, slime_end, tomb_end, abyss_end,
          pan_hell_end]

Skill      XL: |  1  2  3  4  5  6  7  8  9 10 11 12 13 14 15 |
---------------+----------------------------------------------+-----
Invocations    | 2 3 4 5 6 7 9 10 11 13 14 16 | 16.8
Short Blades   | 2 3 4 5 6 7 8 9 10 12 13 15 | 15.6
Long Blades    | 5 6 7 8 9 10 11 13 14 15 16 | 16.1
Axes           | 2 3 4 5 6 7 8 9 10 12 13 15 | 15.6
Maces & Flails | 2 3 4 5 6 7 8 9 10 12 13 15 | 15.6
Polearms       | 2 3 4 5 6 7 8 9 10 12 13 15 | 15.6
Staves         | 2 3 4 5 6 7 8 9 10 12 13 15 | 15.6
Slings         | 2 3 4 5 6 7 8 9 10 12 13 15 | 15.6
Bows           | 2 3 4 5 6 7 8 9 10 12 13 15 | 15.6
Crossbows      | 2 3 4 5 6 7 8 9 10 12 13 15 | 15.6
Throwing       | 2 3 4 5 6 7 8 9 10 12 13 15 | 15.6
Dodging        | 2 3 4 5 6 7 8 9 10 12 13 15 | 15.6
Stealth        | 2 3 4 5 6 7 8 9 10 12 13 15 | 15.6
Unarmed Combat | 2 3 4 5 6 7 8 9 10 12 13 15 | 15.6
Spellcasting   | 2 3 4 5 6 7 8 9 10 12 13 15 | 15.6
Conjurations   | 1 2 3 4 5 6 7 9 10 11 12 13 | 13.5
Hexes          | 1 2 3 4 5 6 7 9 10 11 12 13 | 13.5
Charms         | 1 2 3 4 5 6 7 9 10 11 12 13 | 13.5
Summonings     | 1 2 3 4 5 6 7 9 10 11 12 13 | 13.5
Necromancy     | 1 2 3 4 5 6 7 9 10 11 12 13 | 13.5
Translocations | 1 2 3 4 5 6 7 9 10 11 12 13 | 13.5
Transmutations | 1 2 3 4 5 6 7 9 10 11 12 13 | 13.5
Fire Magic     | 1 2 3 4 5 6 7 9 10 11 12 13 | 13.5
Ice Magic      | 1 2 3 4 5 6 7 9 10 11 12 13 | 13.5
Air Magic      | 1 2 3 4 5 6 7 9 10 11 12 13 | 13.5
Earth Magic    | 1 2 3 4 5 6 7 9 10 11 12 13 | 13.5
Poison Magic   | 1 2 3 4 5 6 7 9 10 11 12 13 | 13.5
Evocations     | 2 3 4 5 6 7 8 9 10 12 13 15 | 15.6
Fighting       | 7 8 9 10 11 12 13 14 16 | 16.6
Armour         | 7 8 9 10 11 12 13 14 16 | 16.6
Shields        | 7 8 9 10 11 12 13 14 16 | 16.6

Action                   |  1- 3 |  4- 6 |  7- 9 | 10-12 | 13-15 || total
-------------------------+-------+-------+-------+-------+-------++-------
Melee: Long sword        |    48 |    11 |       |       |       ||    59
       Bite              |     8 |     1 |    11 |    59 |    52 ||   131
       Scimitar          |       |    13 |    61 |   295 |   139 ||   508
       Demon whip        |       |       |       |       |    78 ||    78
Throw: Javelin           |       |       |       |    15 |    60 ||    75
Invok: Heroism           |       |       |     2 |     9 |     7 ||    18
       Finesse           |       |       |       |     1 |       ||     1
Evoke: Wand              |       |       |       |     2 |       ||     2
  Use: Potion            |     1 |     1 |     2 |     3 |     1 ||     8
       Scroll            |       |       |       |     2 |     7 ||     9
 Stab: Sleeping          |       |       |     1 |       |       ||     1
  Eat: Chunk             |       |       |       |     6 |     3 ||     9
       Ration            |       |       |       |     1 |       ||     1
Armor: Scale mail        |    15 |     6 |     4 |       |       ||    25
       Chain mail        |       |       |     6 |    25 |       ||    31
       Plate armour      |       |       |       |    27 |    41 ||    68
       Gold dragon scale |       |       |       |       |    22 ||    22
Dodge: Dodged            |     9 |     5 |    17 |    67 |    80 ||   178
Block: Kite shield       |    22 |     9 |    28 |   124 |   100 ||   283
       Reflection        |       |       |       |     2 |    10 ||    12
       Tower shield      |       |       |       |       |    54 ||    54
       Rpst.: Long sword |     4 |     1 |       |       |       ||     5
       Scimitar          |       |     2 |     7 |    23 |    12 ||    44

Table legend:
 A = Non-vault XP
 B = Vault XP
 C = Vault XP percentage of total XP
 D = Non-vault monster count
 E = Vault monster count
 F = Vault count percentage of total count
                 A         B        C        D         E       F
            +---------+---------+-------+---------+---------+-------
      Total |       0 |  103363 | 100.0 |       0 |     188 | 100.0
            +---------+---------+-------+---------+---------+-------
          D |       0 |  103363 | 100.0 |       0 |     188 | 100.0
            +---------+---------+-------+---------+---------+-------
